 Dungeon Crawl Stone Soup version 0.19-a0-957-gf4ea323 (webtiles) character file.

534 HAL9000 the Transmogrifier (level 7, -2/66 HPs)
             Began as a Grey Draconian Transmuter on July 10, 2016.
             Slain by an ogre
             ... wielding a +0 giant spiked club
              (12 damage)
             ... on level 3 of the Dungeon.
             The game lasted 00:07:19 (3327 turns).

HAL9000 the Transmogrifier (DrTm)                   Turns: 3327, Time: 00:07:20

Health: -2/66      AC: 11    Str: 13    XL:     7   Next: 4%
Magic:  7/10       EV: 12    Int: 14    God:
Gold:   184        SH:  0    Dex: 12    Spells: 3 memorised, 4 levels left

rFire  . . .     SeeInvis .       - Unarmed
rCold  . . .     Gourm    .     (armour unavailable)
rNeg   . . .     Faith    .     (no shield)
rPois  .         Spirit   .     (helmet restricted)
rElec  .         Dismiss  .     (no cloak)
rCorr  .         Reflect  .     (no gloves)
SustAt .         Harm     .     (no boots)
MR     .....                    y - amulet of rage
Stlth  +.........               (no ring)
                                (no ring)

@: very slightly contaminated, not resistant to hostile enchantments, very
unstealthy
A: walk through water, unfitting armour, unbreathing, cold-blooded, AC +11
a: Evoke Berserk Rage


You were on level 3 of the Dungeon.
You were not hungry.

You visited 1 branch of the dungeon, and saw 3 of its levels.

You collected 184 gold pieces.

Inventory:

Missiles
 a - 28 arrows
 m - 3 tomahawks (quivered)
 C - 2 throwing nets
Jewellery
 y - an amulet of rage (around neck)
Wands
 p - a wand of confusion (27/48)
Scrolls
 h - 2 scrolls of teleportation
 k - a scroll of identify
 q - a scroll of remove curse
 s - a scroll of enchant weapon {unknown}
 t - a scroll of blinking {unknown}
 v - a scroll of fog {unknown}
 A - a scroll of recharging {unknown}
Potions
 e - a potion of flight {unknown}
 j - a potion of magic {unknown}
 l - 3 potions of degeneration {unknown}
 n - 2 potions of haste {unknown}
 u - a potion of invisibility {unknown}
 w - 2 potions of heal wounds {unknown}
 z - a potion of might {unknown}
Books
 b - a book of Changes

   Spells                             Type                      Level
   a - Beastly Appendage              Transmutation                1
   b - Sticks to Snakes               Transmutation                2
   c - Spider Form                    Transmutation/Poison         3
   d - Ice Form                       Ice/Transmutation            4
   e - Blade Hands                    Transmutation                5
Comestibles
 c - 2 bread rations
 f - 4 meat rations
 i - 2 beef jerkies
 D - 2 chunks of flesh


   Skills:
 - Level 7.1 Fighting
 + Level 2.1 Dodging
 + Level 8.0 Unarmed Combat
 - Level 2.0 Spellcasting
 * Level 8.1 Transmutations


You had 4 spell levels left.
You knew the following spells:

 Your Spells              Type           Power        Failure   Level  Hunger
a - Beastly Appendage     Tmut           ###...       1%          1    ##.....
b - Sticks to Snakes      Tmut           ###.....     1%          2    ###....
c - Spider Form           Tmut/Pois      ##........   14%         3    ####...


Dungeon Overview and Level Annotations

Branches:
Dungeon (3/15)

Altars:


Innate Abilities, Weirdness & Mutations

You can walk through water.
Your dull iron-grey scales are very hard. (AC +11)
Your body does not fit into most forms of armour.
You can survive without breathing.
You are cold-blooded and may be slowed by cold attacks.


Message History

The gnoll shouts!
You barely miss the ogre. You barely miss the ogre. The ogre misses you.
A gnoll comes into view. It is wielding a spear.
Unknown command.
The gnoll shouts!
A gnoll comes into view. It is wielding a spear.
There is a large open door here.
Casting: Spider Form
Confirm with . or Enter, or press ? or * to list all spells.
You miscast Spider Form.
You are very lightly contaminated with residual magic.
Waves of light ripple over your body.
The ogre hits you with a giant spiked club!!
* * * LOW HITPOINT WARNING * * *
You punch the ogre! You tail-slap the ogre.
The ogre is heavily wounded.
Unknown command.
The ogre hits you with a giant spiked club!
You die...

≈≈≈ ≈≈≈≈≈≈≈≈≈....≈≈≈≈≈≈ ####
≈≈≈≈≈≈≈≈≈.(..≈≈≈≈≈ # ...#
.................. #
...#############''''#############
##)#...))..)...#....#...........#
#))....#)##.###....#.##.#.......
###^.^.#.#....#....#....#......)
#.##''#########..÷.#######''####
#........g....#@.).#.).).....#.#
#.........#8ggO...)'.).).....'.#
#.##''##..#8.)'....'.........#.#
###. #......#8..8#.........#.#
######################### # # # #


You could see an ogre and 2 gnolls.

Vanquished Creatures
  3 gnoll shamans (D:3)
  23 gnolls (D:3)
  5 adders
  An ooze (D:2)
  A worm (D:2)
  3 dart slugs
  An orc (D:3)
  5 giant cockroaches
  5 goblins
  7 hobgoblins
  9 jackals (D:3)
  3 kobolds
  4 bats
  A giant newt (D:2)
  10 rats
81 creatures vanquished.

Vanquished Creatures (collateral kills)
  2 gnolls (D:3)
  2 goblins
  A kobold (D:3)
5 creatures vanquished.

Grand Total: 86 creatures vanquished

Notes
Turn   | Place    | Note
-------+----------+-------------------------------------------
     0 | D:1      | HAL9000 the Draconian Transmuter began the quest for the Orb.
     0 | D:1      | Reached XP level 1. HP: 16/16 MP: 3/3
   421 | D:1      | Reached XP level 2. HP: 23/23 MP: 3/5
   425 | D:1      | Learned a level 2 spell: Sticks to Snakes
   937 | D:2      | Reached XP level 3. HP: 21/28 MP: 4/6
   955 | D:2      | Learned a level 3 spell: Spider Form
  1520 | D:3      | Reached XP level 4. HP: 31/35 MP: 4/7
  2087 | D:3      | Reached XP level 5. HP: 52/52 MP: 8/8
  2138 | D:3      | Reached XP level 6. HP: 10/60 MP: 6/9
  3169 | D:3      | Your scales start taking on a dull iron-grey colour.
  3169 | D:3      | Reached XP level 7. HP: 34/66 MP: 7/10
  3169 | D:3      | Gained mutation: You can survive without breathing. [Grey Draconian growth]
  3327 | D:3      | Slain by an ogre

Vault maps used:
D:1:      minmay_arrival_glassed_features, nrook_uturn, minmay_hedge_maze
D:3:      lemuel_castle_with_subvaults

Skill      XL: |  1  2  3  4  5  6  7 |
---------------+----------------------+-----
Transmutations | 3 7 8 |  8.1
Unarmed Combat | 4 7 8 |  8.0
Fighting       | 7 |  7.1
Dodging        | 2 |  2.1
Spellcasting   | |  2.0

Action                   |  1- 3 |  4- 6 |  7- 9 || total
-------------------------+-------+-------+-------++-------
Melee: Unarmed           |   114 |   145 |     9 ||   268
       Tailslap          |    13 |     6 |     1 ||    20
       Kick              |     5 |     4 |       ||     9
       Headbutt          |     5 |     1 |       ||     6
       Punch             |     1 |     2 |       ||     3
 Cast: Beastly Appendage |    24 |     7 |       ||    31
       Sticks to Snakes  |     2 |     6 |       ||     8
       Spider Form       |       |     7 |     1 ||     8
 Abil: End Transformatio |       |     1 |       ||     1
  Use: Scroll            |       |     5 |       ||     5
       Potion            |       |     1 |       ||     1
 Stab: Sleeping          |     2 |     1 |       ||     3
  Eat: Chunk             |     2 |     7 |     1 ||    10
Armor: Skin              |    35 |    30 |       ||    65
Dodge: Dodged            |    73 |   129 |     6 ||   208
